 Dungeon Crawl Stone Soup version 0.28.0-45-g0d030f2227 (webtiles) character file.

Game seed: 3256441841422852566

757 crimpus the Skirmisher (level 7, -2/73 (76) HPs)
             Began as an Ogre Berserker on Apr 16, 2022.
             Was a Believer of Trog.
             Slain by a wight
             ... wielding a +3 falchion
              (6 damage)
             ... on level 4 of the Dungeon.
             The game lasted 00:08:22 (4746 turns).

crimpus the Skirmisher (Ogre Berserker)             Turns: 4746, Time: 00:08:23

HP:   -2/73 (76)    AC:  3    Str: 24    XL:     7   Next: 79%
MP:   7/7           EV: 10    Int:  8    God:    Trog [**....]
Gold: 108           SH:  0    Dex:  8    Spells: 6/6 levels left

rFire   . . .      SeeInvis .   a - +0 mace
rCold   . . .      Faith    .   (no shield)
rNeg    . . .      Spirit   .   b - +0 animal skin
rPois   .          Reflect  .   (helmet restricted)
rElec   .          Harm     .   (no cloak)
rCorr   .          Rampage  .   (gloves unavailable)
Will    .....                   (boots unavailable)
Stlth   +.........              (no amulet)
HPRegen 0.22/turn               (no ring)
MPRegen 0.10/turn               (no ring)

@: on berserk cooldown, slowed, lightly drained, very slow
A: large, unfitting armour, tough skin 1
a: Renounce Religion, Berserk, Trog's Hand


You were on level 4 of the Dungeon.
You worshipped Trog.
Trog was pleased with you.
You visited 1 branch of the dungeon, and saw 4 of its levels.

You collected 108 gold pieces.

Inventory:

Hand Weapons
 a - a +0 mace (weapon)
Armour
 b - a +0 animal skin (worn)
Scrolls
 d - a scroll of immolation
 g - a scroll of identify
 j - 2 scrolls of enchant weapon {unknown}
Potions
 c - a potion of heal wounds {unknown}
 e - 2 potions of lignification {unknown}
 f - 2 potions of might {unknown}
 i - a potion of resistance {unknown}
 k - a potion of mutation {unknown}
 l - a potion of attraction {unknown}


   Skills:
 + Level 6.6 Fighting
 + Level 6.2 Maces & Flails
 + Level 4.5 Dodging


You had 6 spell levels left.
You didn't know any spells.
Your spell library was empty.

Dungeon Overview and Level Annotations

Branches:
Dungeon (4/15)
 Temple: D:4-7

Altars:
Ashenzari
Kikubaaqudgha
Wu Jian

Shops:
D:1 :


Innate Abilities, Weirdness & Mutations

You are too large for most types of armour.
You have tough skin. (AC +1)


Message History

Unknown command.
You sock the wight!
The wight is severely damaged.
The wight hits you with a +2 dagger.
You sock the wight!
You destroy the wight!
Trog accepts your kill.
Your Maces & Flails skill increases to level 6!
You sock the wight!
You destroy the wight!
Trog accepts your kill.
Your life force feels restored.
You thump the wight!
You destroy the wight!
Trog accepts your kill.
A wight comes into view. It is wielding a +3 falchion.
Things that are here:
a +4 morningstar; a +0 robe; 15 gold pieces An ogre comes into view.
It is wielding a +0 giant spiked club.
You feel a strong urge to attack something.
The ogre shouts!
The wight misses you.
You closely miss the wight. The wight hits you with a +3 falchion!
Things that are here:
a +4 morningstar; a +0 robe; 15 gold pieces You feel a strong urge to attack something.
You are no longer berserk.
You are exhausted.
You feel yourself slow down.
As you read the scroll labelled GEDGHE LIASKEMEI, it crumbles to dust.
It is a scroll of identify.
d - a scroll of immolation The wight hits you with a +3 falchion!
* * * LOW HITPOINT WARNING * * *
As you read the scroll labelled GAZERPH MENI, it crumbles to dust.
It is a scroll of amnesia.
You feel forgetful for a moment. The wight hits you with a +3 falchion!
* * * LOW HITPOINT WARNING * * *
You feel drained.
You die...

######†#####.#.......#
#.# #.# #.#
#.#.......###.####)###
#.#
#.#................)).
#.#
#.#.......###.########
#.# #.#.......# #.#
#.# #.######### #.#
##.#####........# #.#
............###.# #.#
###########)@# #.#
##z# #.# #.# #.#
#.....O...#
#.#####.### .# .. #.#
.#


You could see an ogre and a wight.

Vanquished Creatures
  Grinder (D:3)
  Sigmund (D:2)
  3 wights (D:4)
  Natasha (thrice) (D:2)
  An orc wizard (D:4)
  3 gnolls (D:2)
  6 adders
  An ufetubus (D:4)
  An adder skeleton (D:4)
  2 dart slugs
  9 orcs
  8 endoplasms
  2 giant cockroaches (D:1)
  7 goblins
  7 hobgoblins
  2 jackals (D:3)
  6 quokkas
  3 ball pythons
  8 bats
  4 frilled lizards
  5 kobolds
  2 rats
85 creatures vanquished.

Vanquished Creatures (others)
  A withered plant (D:2)
1 creature vanquished.

Grand Total: 86 creatures vanquished

Notes
Turn   | Place    | Note
-------+----------+-------------------------------------------
     0 | D:1      | crimpus the Ogre Berserker began the quest for the Orb.
     0 | D:1      | Reached XP level 1. HP: 24/24 MP: 1/1
   238 | D:1      | Found Waseca's Book Shoppe.
   278 | D:1      | Reached XP level 2. HP: 30/33 MP: 2/2
   824 | D:1      | Reached XP level 3. HP: 30/40 MP: 3/3
  1182 | D:2      | Reached ** piety under Trog
  1536 | D:2      | Noticed Natasha
  1551 | D:2      | Killed Natasha
  1552 | D:2      | Reached XP level 4. HP: 32/49 MP: 4/4
  1763 | D:2      | Reached skill level 5 in Fighting
  1948 | D:2      | Found a faded altar of an unknown god.
  1961 | D:2      | Noticed Sigmund
  1970 | D:2      | Killed Sigmund
  1971 | D:2      | Reached XP level 5. HP: 57/57 MP: 5/5
  1971 | D:2      | Reached XP level 6. HP: 66/66 MP: 6/6
  2577 | D:3      | Noticed Grinder
  2657 | D:2      | Noticed Natasha
  2662 | D:2      | Killed Natasha
  3157 | D:2      | Noticed Natasha
  3170 | D:2      | Killed Natasha
  3483 | D:3      | Killed Grinder
  3484 | D:3      | Reached skill level 5 in Maces & Flails
  3484 | D:3      | Reached XP level 7. HP: 75/75 MP: 7/7
  3619 | D:3      | Found a broken altar of Ashenzari.
  3654 | D:3      | Found an ancient bone altar of Kikubaaqudgha.
  3823 | D:3      | Found an ornate altar of the Wu Jian Council.
  4647 | D:4      | Identified the +1 ring mail "Diop" {rCorr Str+3}
  4746 | D:4      | Slain by a wight

Illustrated notes

Levels and vault maps discovered:
D:1:      sevenhm_arrival_forest_fort_small_6, layout_loops_ring, serial_shops,
          nicolae_shop_advertising_works [nicolae_subvault_shop_adworks]
D:2:      layout_loops_corners, shapermc_ecumenical_altar_flowoftime,
          uniq_natasha, uniq_sigmund
D:3:      layout_rooms, lemuel_coloured_pillars_altar, old_standard_altar,
          lemuel_round_altar, uniq_grinder
D:4:      layout_basic, temple_pool_b, uniq_ijyb

Skill      XL: |  1  2  3  4  5  6  7 |
---------------+----------------------+-----
Maces & Flails | 3 4 5 6 |  6.2
Dodging        | 3 4 |  4.5
Fighting       | 5 6 |  6.6

Action                   |  1- 3 |  4- 6 |  7- 9 || total
-------------------------+-------+-------+-------++-------
Melee: Mace              |    89 |   103 |    88 ||   280
       Punch             |       |     2 |       ||     2
Invok: Berserk           |     1 |     4 |     2 ||     7
  Use: Scroll            |       |       |     2 ||     2
 Stab: Sleeping          |     2 |       |       ||     2
Armor: Animal skin       |    20 |    15 |    20 ||    55
Dodge: Dodged            |    59 |    50 |    45 ||   154
